 Dungeon Crawl Stone Soup version 0.17-a0-1646-geb1493d (webtiles) character file.

58 matakusis the Skirmisher (level 3, 0/30 HPs)
             Began as a Demonspawn Abyssal Knight on Aug 9, 2015.
             Was a Follower of Lugonu.
             Succumbed to an adder's poison
             ... on level 2 of the Dungeon.
             The game lasted 00:05:21 (1584 turns).

matakusis the Skirmisher (DsAK)                     Turns: 1584, Time: 00:05:21

Health: 0/30       AC:  3    Str: 13    XL:     3   Next: 76%
Magic:  4/4        EV: 11    Int: 13    God:    Lugonu [*.....]
Gold:   89         SH:  0    Dex: 12    Spells: 0 memorised, 2 levels left

rFire  + . .     SeeInvis .     a - +1 hand axe
rCold  x . .     Clarity  .     b - +0 leather armour
rNeg   + . .     SustAt   .     (no shield)
rPois  .         Gourm    .     (no helmet)
rElec  .         Spirit   .     (no cloak)
rCorr  .         Warding  +     (no gloves)
rMut   .         Stasis   .     (no boots)
MR     .....                    h - amulet of warding
Stlth  +.........               (no ring)
                                g - ring of fire

@: lethally poisoned (0 -> -7), not resistant to hostile enchantments, very
unstealthy
A: powered by pain 1
a: Depart the Abyss, Renounce Religion


You were on level 2 of the Dungeon.
You worshipped Lugonu.
Lugonu was aware of your devotion.
You were hungry.

You visited 1 branch of the dungeon, and saw 2 of its levels.
You visited the Abyss 1 time.

You collected 89 gold pieces.

Inventory:

Hand weapons
 a - a +1 hand axe (weapon)
Armour
 b - a +0 leather armour (worn)
Jewellery
 e - an uncursed amulet of stasis
 g - a ring of fire (left hand)
 h - an amulet of warding (around neck)
Comestibles
 c - 2 bread rations


   Skills:
 + Level 3.7 Fighting
 + Level 2.1 Axes
 + Level 2.1 Armour
 + Level 1.7 Dodging
 + Level 0.4 Stealth
 + Level 2.6 Invocations


You had 2 spell levels left.
You didn't know any spells.

Dungeon Overview and Level Annotations

Branches:
Dungeon (2/15)

Altars:


Innate Abilities, Weirdness & Mutations

You sometimes gain a little power by taking damage.


Message History

You hit the adder.
You kill the adder!
Lugonu accepts your kill.
* * * LOW HITPOINT WARNING * * *
You feel sick.
You hit the kobold but do no damage.
* * * LOW HITPOINT WARNING * * *
You feel sick. The kobold hits you.
* * * LOW HITPOINT WARNING * * *
You aren't carrying any potions.
Unknown command.
You closely miss the kobold.
* * * LOW HITPOINT WARNING * * *
You feel sick. The kobold hits you.
* * * LOW HITPOINT WARNING * * *
Read which item? (? for menu, Esc to quit)
As you read the scroll labeled TOD KUYSTRE, it crumbles to dust.
It is a scroll of recharging.
You aren't carrying any rechargeable items.
You die...

#......# ## ##.. ....#
#......# ....#.. ....#
#......# ...... ...
##......##.# # #.#.. ...
#.####'###.## #.#.... #.#
#.####.###.## ....[.. #.#
#.......##.##
.......###.###.####..##...
........K@............#.##
.......<#.(###.####...#.##
..#.#...#..# #...........†
# #...........###...#)##
....?..).............).
........................
.#.#.....#####.###...#.##
#.###$##. #.# #..(....
##..#.#.


You could see a kobold.

Vanquished Creatures
  2 adders (D:2)
  An ooze (D:1)
  A giant gecko (D:2)
  A ball python (D:2)
  A giant cockroach (D:1)
  7 goblins
  5 hobgoblins (D:1)
  5 kobolds
  2 bats (D:1)
  3 giant newts (D:1)
  3 rats (D:1)
31 creatures vanquished.

Notes
Turn   | Place    | Note
--------------------------------------------------------------
     0 | Abyss:1  | matakusis the Demonspawn Abyssal Knight began the quest for the Orb.
     0 | Abyss:1  | Reached XP level 1. HP: 18/18 MP: 2/2
    28 | Abyss:1  | Noticed a neqoxec
    30 | Abyss:1  | Noticed an apocalypse crab
    32 | Abyss:1  | Noticed a wretched star
    33 | Abyss:2  | Found a corrupted altar of Lugonu.
    56 | D:1      | Escaped the Abyss
   255 | D:1      | Reached skill level 1 in Dodging
   302 | D:1      | Gained mutation: You sometimes gain a little power by taking damage. [demonic ancestry]
   302 | D:1      | Reached XP level 2. HP: 21/24 MP: 3/3
   341 | D:1      | Acquired Lugonu's first power
   674 | D:1      | HP: 1/24 [bat (1)]
   735 | D:1      | Reached XP level 3. HP: 4/29 MP: 4/4
  1583 | D:2      | HP: 1/30 [kobold (3)]
  1584 | D:2      | Succumbed to an adder's poison

Vault maps used:
D:1:      dpeg_arrival_more_subterranean_lakeside_camping, minivault_27,
          serial_bayou_lake_a
D:2:      nemelex_xobeh_ov_fountains_minmay, uniq_jessica

Action                   || total
-------------------------++-------
Melee: Hand axe          ||   146
Invok: Depart the Abyss  ||     1
  Use: Scroll            ||     1
 Stab: Sleeping          ||     1
  Eat: Chunk             ||     2
